 Dungeon Crawl Stone Soup version 0.21.0-25-ge575cb9 (webtiles) character file.

23763 theElss the Basher (level 13, -8/127 HPs)
             Began as a Gargoyle Berserker on Jan 24, 2018.
             Was a High Priest of Trog.
             Mangled by a phantasmal warrior (17 damage)
             ... led by a death knight
             ... on level 13 of the Dungeon.
             The game lasted 00:47:51 (11672 turns).

theElss the Basher (Gargoyle Berserker)            Turns: 11672, Time: 00:47:53

Health: -8/127     AC: 27    Str: 30    XL:     13   Next: 8%
Magic:  0/22       EV: 10    Int:  9    God:    Trog [*****.]
Gold:   979        SH:  0    Dex:  9    Spells: 12/12 levels left

rFire    . . .     SeeInvis +   a - +2 whip (elec)
rCold    . . .     Gourm    .   (no shield)
rNeg     + . .     Faith    .   h - +0 plate armour
rPois    ∞         Spirit   +   O - +0 helmet
rElec    +         Reflect  .   (no cloak)
rCorr    .         Harm     .   (no gloves)
MR       .....                  q - +0 pair of boots
Stlth    ..........             d - amulet of guardian spirit
HPRegen  0.31/turn              I - ring of magical power
MPRegen  0.18/turn              M - ring of see invisible

@: berserking, vulnerable, slowed
A: negative energy resistance 1, electricity resistance, unbreathing,
petrification resistance, rot immunity, AC +9
a: Berserk, Trog's Hand, Brothers in Arms, Burn Spellbooks, Renounce Religion


You were on level 13 of the Dungeon.
You worshipped Trog.
Trog was extremely pleased with you.
You were hungry.

You visited 1 branch of the dungeon, and saw 13 of its levels.
You also visited: Labyrinth.

You collected 979 gold pieces.

Inventory:

Hand Weapons
 a - a +2 whip of electrocution (weapon)
 b - a +0 hand crossbow
 H - a +1 eveningstar of draining
 P - a +2 flail of protection
Missiles
 t - 57 bolts
Armour
 h - a +0 plate armour (worn)
 l - a +0 scale mail
 q - a +0 pair of boots (worn)
 L - the +1 robe of the Scribe {+Blink Regen+, unknown}
   (You found it in a labyrinth)

   It lets you blink.
   It increases your rate of regeneration.
 O - a +0 helmet (worn)
Jewellery
 d - an amulet of guardian spirit (around neck)
 m - an uncursed ring of fire
 n - the cursed necklace of Bloodlust {*Rage +Rage MR++ Int-3 Slay+6 *Curse}
   (You found it in a labyrinth)

   [amulet of rage]

   It affects your intelligence (-3).
   It affects your accuracy and damage with ranged weapons and melee attacks
   (+6).
   It affects your resistance to hostile enchantments.
   It lets you go berserk.
   It may make you go berserk in combat.
   It curses itself when equipped.
   It has a curse placed upon it.
 w - a +3 ring of strength {unknown}
 B - the ring "Uvuffiax" {MR+ Str+3 Dex-5}
   (You found it on level 9 of the Dungeon)

   [ring of dexterity]

   It affects your strength (+3).
   It affects your dexterity (-5).
   It affects your resistance to hostile enchantments.
 I - a ring of magical power (left hand)
 M - a ring of see invisible (right hand)
 S - a +4 ring of intelligence {unknown}
Wands
 j - a wand of paralysis (23)
 z - a wand of random effects (98)
 R - a wand of acid (7)
 U - a wand of clouds (8)
 V - a wand of flame (24)
 W - a wand of iceblast (18)
 X - a wand of polymorph (43)
Scrolls
 e - 6 scrolls of remove curse
 o - 4 scrolls of teleportation
 y - a scroll of fog
 C - 3 scrolls of enchant armour
 D - 2 scrolls of blinking
 G - a scroll of brand weapon
 T - a scroll of vulnerability {unknown}
Potions
 f - a potion of cancellation {unknown}
 i - 2 potions of haste
 k - 5 potions of agility
 p - 3 potions of flight
 r - 6 potions of curing
 s - 2 potions of ambrosia {unknown}
 u - 2 potions of lignification
 v - 2 potions of degeneration {unknown}
 x - a potion of invisibility {unknown}
 F - 2 potions of resistance {unknown}
 K - 2 potions of might
 N - a potion of heal wounds {unknown}
 Q - 2 potions of berserk rage {unknown}
Books
 A - a book of Death

   Spells                             Type                      Level
   a - Corpse Rot                     Necromancy                   2
   b - Sublimation of Blood           Necromancy                   2
   c - Agony                          Necromancy                   5
   d - Dispel Undead                  Necromancy                   5
   e - Excruciating Wounds            Charms/Necromancy            5
   f - Bolt of Draining               Conjuration/Necromancy       5
   Trog disapproves of the use of such an item.
 Y - a book of Transfigurations

   Spells                             Type                      Level
   a - Irradiate                      Conjuration/Transmutation    5
   b - Statue Form                    Transmutation/Earth          6
   c - Hydra Form                     Transmutation                6
   d - Dragon Form                    Transmutation                7
   Trog disapproves of the use of such an item.
Comestibles
 c - 29 rations


   Skills:
 + Level 11.6 Fighting
 + Level 14.4 Maces & Flails
 + Level 11.5 Armour
 + Level 5.0 Dodging
 + Level 3.0 Stealth


You had 12 spell levels left.
You didn't know any spells.

Dungeon Overview and Level Annotations

Branches:
Dungeon (13/15)            Temple (0/1) D:5            Lair (0/6) D:10
    Orc (0/2) D:11
 Vaults: D:13-14

Altars:
Elyvilon
Okawaru

Shops:
D:13 *


Innate Abilities, Weirdness & Mutations

You are resistant to torment.
Your stone body is resilient. (AC +9)
You are immune to poison.
You resist negative energy. (rN+)
You are resistant to electric shocks. (rElec)
You can survive without breathing.
You are immune to petrification.
You are immune to rotting.


Message History

The phantasmal warrior hits you!
Your magical defenses are stripped away!
Your plate armour prevents you from hitting the wraith.
The wraith is moderately damaged.
The phantasmal warrior blinks!
Your plate armour prevents you from hitting the phantasmal warrior.
The phantasmal warrior hits you!!
* * * LOW HITPOINT WARNING * * *
The wraith hits you but does no damage.
You barely miss the phantasmal warrior. The phantasmal warrior hits you!
* * * LOW HITPOINT WARNING * * *
The wraith hits you but does no damage.
Unknown command.
A red film seems to cover your vision as you go berserk!
You feel yourself moving faster!
You feel mighty!
You are feeling hungry.
The phantasmal warrior hits you but does no damage.
The wraith barely misses you. The wraith closely misses you.
The phantasmal warrior hits you!!
You die...

......#.##.#### *#.#*.# *,,
.####)#.......# *#§..#.# *,, ##
##.#.#####.# **......# *>,
.###....# #.# *,......# *,,
.....#..# #.# ###......# *,,
####....# #.# #........#****,,
,,,...#.#####.# #.........,,,,,,
####..#.......####.......#*****,*
......#####....W@W.......#,,,,,,*
####.## #...####W......#,******
#.#****##.## #.......#,*
*..,,,,...# #.......#,*
******##### ####.####,* *.# *,*
#####** *.#***,* .....,* *..,,,,*
#####,* *,******


You could see 2 phantasmal warriors and a wraith.

Vanquished Creatures
  The ghost of Inarius the Gelid, a journeyman DrIE of Nemelex Xobeh (D:13)
  Azrael (D:13)
  A minotaur (Lab)
  Josephine (D:13)
  A centaur warrior (D:13)
  Erica (D:10)
  A death knight (D:13)
  3 two-headed ogres
  Urug (D:10)
  An unseen horror (D:12)
  Pikel (D:4)
  An ugly thing (D:11)
  A cyclops (D:11)
  A manticore (D:11)
  Psyche (D:10)
  7 kobold demonologists
  2 trolls
  3 meliai (D:12)
  A minotaur zombie (Lab)
  Prince Ribbit (D:7)
  A hippogriff (D:13)
  A slime creature (D:13)
  A shadow (D:12)
  A spriggan (D:7)
  8 wraiths
  A vampire (D:12)
  2 fire elementals (D:13)
  6 yaks
  A hungry ghost (D:13)
  A steam dragon (D:12)
  An acid dragon (D:13)
  3 hell hounds (D:13)
  9 orc warriors
  2 sky beasts
  2 eyes of draining
  2 ice beasts
  A slave (D:4)
  A necrophage (D:8)
  4 ogres
  A phantom (D:5)
  5 centaurs
  7 big kobolds
  A gnoll sergeant (D:10)
  8 bullfrogs
  3 scorpions
  A water moccasin skeleton (D:8)
  3 killer bees (D:13)
  The ghost of HEYYEYAAE the Digger, a weakling DgEE (D:3)
  10 wights
  2 howler monkeys
  5 crimson imps
  3 centaur zombies
  2 bullfrog zombies
  A quasit (D:13)
  3 jellies
  16 orc wizards
  10 orc priests
  4 hounds
  Jessica (D:3)
  5 iguanas
  10 worker ants
  3 hound zombies
  A hound skeleton (D:8)
  Robin (D:3)
  A howler monkey skeleton (D:6)
  7 adders
  9 gnolls
  2 shadow imps
  2 worms (D:2)
  A dart slug (D:5)
  7 leopard geckos
  53 orcs
  5 bats
  A giant cockroach (D:8)
  17 hobgoblins
  2 jackals (D:5)
  4 quokkas
  2 ball pythons
  2 frilled lizards
  17 goblins
  23 kobolds
  A quokka zombie (D:8)
  6 rats
348 creatures vanquished.

Vanquished Creatures (others)
  An orc wizard (D:8)
  3 plants (D:10)
4 creatures vanquished.

Grand Total: 352 creatures vanquished

Notes
Turn   | Place    | Note
-------+----------+-------------------------------------------
     0 | D:1      | theElss the Gargoyle Berserker began the quest for the Orb.
     0 | D:1      | Reached XP level 1. HP: 14/14 MP: 1/1
   150 | D:1      | Found an iron altar of Okawaru.
   679 | D:1      | Reached XP level 2. HP: 19/19 MP: 2/2
   736 | D:1      | You fall through a shaft!
   949 | D:2      | Reached XP level 3. HP: 21/23 MP: 3/3
  1629 | D:3      | Noticed Jessica
  1640 | D:3      | Killed Jessica
  1640 | D:3      | Reached skill level 4 in Maces & Flails
  1640 | D:3      | Reached XP level 4. HP: 29/29 MP: 4/4
  1726 | D:3      | Reached ** piety under Trog
  1793 | D:3      | Noticed Robin
  1803 | D:3      | Noticed HEYYEYAAE's ghost (weakling DgEE)
  1825 | D:3      | Killed Robin
  1833 | D:3      | Killed HEYYEYAAE's ghost
  1833 | D:3      | Reached XP level 5. HP: 33/33 MP: 5/5
  2073 | D:3      | Found a white marble altar of Elyvilon.
  2712 | D:4      | Noticed a slave
  2740 | D:4      | Killed a slave
  2744 | D:4      | Reached XP level 6. HP: 29/38 MP: 3/6
  2746 | D:4      | Reached skill level 5 in Maces & Flails
  2747 | D:4      | Noticed a slave
  2819 | D:4      | Noticed Pikel
  2832 | D:4      | Noticed a slave
  2833 | D:4      | Noticed a slave
  2839 | D:4      | Killed Pikel
  2839 | D:4      | Reached skill level 6 in Maces & Flails
  2839 | D:4      | Reached XP level 7. HP: 44/44 MP: 7/7
  2845 | D:4      | Reached skill level 1 in Stealth
  3409 | D:4      | Reached *** piety under Trog
  3409 | D:4      | Reached XP level 8. HP: 48/48 MP: 8/8
  3636 | D:5      | Entered Level 5 of the Dungeon
  3730 | D:5      | Reached skill level 7 in Maces & Flails
  3856 | D:5      | Reached skill level 5 in Fighting
  3921 | D:5      | Found a staircase to the Ecumenical Temple.
  4214 | D:5      | Reached skill level 5 in Armour
  4502 | D:6      | Identified Mixoj's Incunabulum of the Mountains
  4539 | D:6      | Reached **** piety under Trog
  4698 | D:6      | Reached skill level 8 in Maces & Flails
  4905 | D:6      | Reached XP level 9. HP: 4/54 MP: 1/9
  5354 | D:7      | Noticed Prince Ribbit
  5375 | D:7      | Killed Prince Ribbit
  5827 | D:7      | Reached skill level 9 in Maces & Flails
  6287 | D:8      | Reached ***** piety under Trog
  6290 | D:8      | Reached XP level 10. HP: 50/63 MP: 10/10
  6751 | D:8      | Reached skill level 10 in Maces & Flails
  7262 | D:9      | Noticed a two-headed ogre
  7270 | D:9      | Killed a two-headed ogre
  7307 | D:9      | Got a sparkling lead ring
  7309 | D:9      | Identified the cursed ring "Uvuffiax" {MR+ Str+3 Dex-5} (You found it on level 9 of the Dungeon)
  7414 | D:10     | Entered Level 10 of the Dungeon
  7628 | D:10     | Noticed Erica
  7658 | D:10     | Killed Erica
  7658 | D:10     | Reached skill level 11 in Maces & Flails
  7807 | D:10     | Noticed Urug
  7819 | D:10     | Killed Urug
  7819 | D:10     | Reached XP level 11. HP: 65/69 MP: 11/11
  7879 | D:10     | Received a gift from Trog
  7992 | D:10     | Found a staircase to the Lair.
  8179 | D:10     | Noticed Psyche
  8187 | D:10     | Killed Psyche
  8416 | D:11     | Found a staircase to the Orcish Mines.
  8416 | D:11     | Noticed a manticore
  8455 | D:11     | Killed a manticore
  8600 | D:11     | Reached skill level 12 in Maces & Flails
  8635 | D:11     | Found a labyrinth entrance.
  8654 | Lab      | Entered a labyrinth
  9245 | Lab      | Noticed a minotaur
  9251 | Lab      | Killed a minotaur
  9254 | Lab      | Found the cursed necklace of Bloodlust {*Rage +Rage MR++ Int-3 Slay+6 *Curse}
  9350 | Lab      | Got a ripped robe
  9454 | D:11     | Noticed a cyclops
  9467 | D:11     | Killed a cyclops
  9533 | D:11     | Noticed a sixfirhy
  9544 | D:11     | Noticed a sixfirhy
  9925 | D:12     | Noticed a purple ugly thing
  9958 | D:11     | Killed a purple ugly thing
  9958 | D:11     | Reached skill level 10 in Fighting
 10072 | D:12     | Noticed a two-headed ogre
 10085 | D:12     | Killed a two-headed ogre
 10105 | D:12     | Reached skill level 13 in Maces & Flails
 10128 | D:12     | Noticed an unseen horror
 10153 | D:12     | Killed an unseen horror
 10153 | D:12     | Reached XP level 12. HP: 56/77 MP: 12/12
 10251 | D:12     | Noticed a two-headed ogre
 10259 | D:12     | Killed a two-headed ogre
 10296 | D:12     | Reached skill level 10 in Armour
 10431 | D:12     | Received a gift from Trog
 10958 | D:13     | Noticed a centaur warrior
 10962 | D:13     | Noticed Josephine
 10974 | D:13     | Killed a centaur warrior
 10983 | D:13     | Killed Josephine
 10983 | D:13     | Reached skill level 5 in Dodging
 11024 | D:13     | Reached skill level 14 in Maces & Flails
 11186 | D:13     | Noticed Inarius's ghost (journeyman DrIE)
 11196 | D:13     | Noticed Azrael
 11223 | D:13     | Found Ireoz's Assorted Antiques.
 11373 | D:13     | Killed Azrael
 11549 | D:13     | Killed Inarius's ghost
 11549 | D:13     | Reached XP level 13. HP: 57/84 MP: 11/13
 11672 | D:13     | Mangled by a phantasmal warrior

Skill      XL: |  1  2  3  4  5  6  7  8  9 10 11 12 |
---------------+-------------------------------------+-----
Dodging        | 2 3 4 5 |  5.0
Maces & Flails | 4 6 8 9 11 13 14 | 14.4
Armour         | 3 4 5 7 8 9 11 | 11.5
Fighting       | 4 5 7 8 10 11 | 11.6
Stealth        | 1 2 3 |  3.0

Action                   |  1- 3 |  4- 6 |  7- 9 | 10-12 | 13-15 || total
-------------------------+-------+-------+-------+-------+-------++-------
Melee: Mace              |    94 |    74 |       |       |       ||   168
       Whip              |       |    55 |   501 |   573 |    36 ||  1165
       Flail             |       |       |       |   348 |       ||   348
       Eveningstar       |       |       |       |    12 |       ||    12
Invok: Berserk           |     1 |     2 |     3 |    10 |     1 ||    17
       Trog's Hand       |       |       |     2 |     1 |       ||     3
  Use: Scroll            |       |       |       |    20 |       ||    20
  Eat: Chunk             |     3 |     5 |    16 |    21 |       ||    45
       Ration            |       |       |       |     2 |       ||     2
Armor: Animal skin       |     9 |       |       |       |       ||     9
       Scale mail        |    41 |    80 |   185 |    24 |       ||   330
       Plate armour      |       |       |       |   482 |    10 ||   492
Dodge: Dodged            |    52 |    66 |   180 |   325 |     6 ||   629
